 Dungeon Crawl Stone Soup version 0.17.0-28-g6e173f8 (webtiles) character file.

798 coffecat the Grave Robber (level 7, -5/51 HPs)
             Began as a Vampire Necromancer on Nov 30, 2015.
             Slain by a water moccasin (7 damage)
             ... on level 7 of the Dungeon.
             The game lasted 00:39:25 (6931 turns).

coffecat the Grave Robber (Vampire Necromancer)     Turns: 6931, Time: 00:39:26

Health: -5/51      AC:  6    Str: 10    XL:     7   Next: 58%
Magic:  9/13       EV: 14    Int: 19    God:
Gold:   180        SH:  0    Dex: 15    Spells: 5 memorised, 3 levels left

rFire  . . .     SeeInvis +     i - +2 rapier
rCold  + . .     Clarity  .     a - +2 robe
rNeg   + + .     SustAt   .     (no shield)
rPois  +         Gourm    .     (no helmet)
rElec  .         Spirit   .     v - +1 cloak
rCorr  .         Warding  .     (no gloves)
rMut   .         Stasis   .     (no boots)
MR     .....                    (no amulet)
Stlth  +++++.....               p - +3 ring of strength
                                d - ring of stealth (curse)

@: lethally poisoned (-5 -> -13), regenerating slowly, not resistant to hostile
enchantments, quite stealthy
A: fangs 3, see invisible, unbreathing
a: Bat Form


You were on level 7 of the Dungeon.
You were very thirsty.

You visited 1 branch of the dungeon, and saw 7 of its levels.

You collected 180 gold pieces.

Inventory:

Hand Weapons
 i - a +2 rapier (weapon)
 u - a +0 whip
 x - a +0 mace of crushing
Armour
 a - a +2 robe (worn)
 l - a cursed +0 ring mail
 v - a +1 cloak (worn)
Jewellery
 d - a cursed ring of stealth (left hand)
 p - a +3 ring of strength (right hand)
Scrolls
 f - 2 scrolls of recharging
 g - 2 scrolls of teleportation
 h - 3 scrolls of magic mapping {unknown}
 m - a scroll of blinking {unknown}
 q - a scroll of remove curse
 w - a scroll of noise
 y - 2 scrolls of identify
Potions
 e - a potion of lignification {unknown}
 j - a potion of brilliance {unknown}
 k - a potion of cure mutation {unknown}
 n - a potion of cancellation {unknown}
 o - 3 potions of curing {unknown}
 s - a potion of agility {unknown}
 t - a potion of beneficial mutation {unknown}
Books
 b - a book of Necromancy

   Spells                             Type                      Level
   a - Pain                           Necromancy                   1
   b - Animate Skeleton               Necromancy                   1
   c - Vampiric Draining              Necromancy                   3
   d - Regeneration                   Charms/Necromancy            3
   e - Animate Dead                   Necromancy                   4
   f - Control Undead                 Necromancy                   4
 r - a Fen Folio

   Spells                             Type                      Level
   a - Corpse Rot                     Necromancy                   2
   b - Stone Arrow                    Conjuration/Earth            3
   c - Leda's Liquefaction            Hexes/Earth                  4
   d - Summon Forest                  Summoning/Translocation      5
   e - Hydra Form                     Transmutation                6
   f - Summon Hydra                   Summoning                    7


   Skills:
 * Level 2.4 Fighting
 + Level 1.0 Short Blades
 + Level 3.7 Dodging
 * Level 6.1 Stealth
 + Level 4.0 Spellcasting
 + Level 0.7 Charms
 * Level 7.1 Necromancy


You had 3 spell levels left.
You knew the following spells:

 Your Spells              Type           Power        Failure   Level  Hunger
a - Pain                  Necr           ####         1%          1    None
b - Animate Skeleton      Necr           N/A          1%          1    None
c - Animate Dead          Necr           N/A          10%         4    ####...
d - Regeneration          Chrm/Necr      ###.......   12%         3    ###....
e - Corpse Rot            Necr           N/A          1%          2    ##.....


Dungeon Overview and Level Annotations

Branches:
Dungeon (7/15)             Temple (0/1) D:4

Altars:
Dithmenos

Annotations:
D:5 Dowan, Duvessa


Innate Abilities, Weirdness & Mutations

You heal slowly.
You have razor-sharp teeth.
You have supernaturally acute eyesight.
You can survive without breathing.


Message History

Aiming: Pain
Press: ? - help, Shift-Dir - straight line, f/p - water moccasin
Aim: a water moccasin (heavily wounded, chance to defeat MR: 84%)
The water moccasin convulses in agony!
The water moccasin barely misses you.
Casting: Pain
Confirm with . or Enter, or press ? or * to list all spells.
Aiming: Pain
Press: ? - help, Shift-Dir - straight line, f/p - water moccasin
Aim: a water moccasin (severely wounded, chance to defeat MR: 84%)
The water moccasin barely resists.
* * * LOW HITPOINT WARNING * * *
You feel sick. The water moccasin bites you.
* * * LOW HITPOINT WARNING * * *
You hit the water moccasin.
The water moccasin is almost dead.
* * * LOW HITPOINT WARNING * * *
You feel sick. The water moccasin bites you.
* * * LOW HITPOINT WARNING * * *
The water moccasin bites you!
You die...

#. #?# .# #.####.#
.# #........%#
....#.##.#####
#.#........... #
#.#.......). .#
#.....#..#####..#
###.#@S.........
#.>.........###.#
.....#.##..........#
... ... #.####.#####
# #######.# #.#
........# #.#
######### #<# #.#
#.#


You could see a water moccasin.

Vanquished Creatures
  A black bear (D:6)
  An ogre (D:4)
  2 giant frogs (D:6)
  A water moccasin skeleton (D:7)
  A scorpion (D:5)
  A crimson imp (D:6)
  2 hounds
  An orc priest (D:2)
  2 worker ants (D:6)
  A giant frog skeleton (D:6)
  An iguana (D:5)
  A hound zombie (D:6)
  A hound skeleton (D:6)
  A worker ant zombie (D:5)
  5 adders
  A shadow imp (D:5)
  2 adder skeletons
  A worm (D:2)
  4 giant geckos
  6 orcs
  3 ball pythons
  3 bats (D:2)
  A giant cockroach (D:6)
  2 goblins
  4 hobgoblins
  3 jackals (D:2)
  3 giant newts
  3 kobolds
  6 rats (D:2)
64 creatures vanquished.

Vanquished Creatures (collateral kills)
  A crimson imp (D:6)
  A worm (D:6)
2 creatures vanquished.

Grand Total: 66 creatures vanquished

Notes
Turn   | Place    | Note
--------------------------------------------------------------
     0 | D:1      | coffecat the Vampire Necromancer began the quest for the Orb.
     0 | D:1      | Reached XP level 1. HP: 13/13 MP: 3/3
   561 | D:2      | Reached XP level 2. HP: 17/19 MP: 1/5
  1045 | D:2      | Reached skill level 5 in Necromancy
  1098 | D:2      | Learned a level 1 spell: Animate Skeleton
  1229 | D:2      | Reached XP level 3. HP: 20/24 MP: 1/6
  2779 | D:2      | Reached XP level 4. HP: 16/30 MP: 0/8
  3047 | D:3      | You fall through a shaft for 2 floors!
  3047 | D:5      | Entered Level 5 of the Dungeon
  3184 | D:5      | Reached XP level 5. HP: 32/36 MP: 5/9
  3690 | D:4      | Learned a level 4 spell: Animate Dead
  3694 | D:4      | Learned a level 3 spell: Regeneration
  3708 | D:4      | Noticed an ogre
  3799 | D:4      | Killed an ogre
  3799 | D:4      | Reached skill level 1 in Fighting
  3799 | D:4      | Reached skill level 6 in Necromancy
  3799 | D:4      | Reached XP level 6. HP: 9/43 MP: 0/10
  4129 | D:4      | Found a staircase to the Ecumenical Temple.
  4207 | D:4      | Learned a level 2 spell: Corpse Rot
  4409 | D:5      | Noticed Dowan
  4448 | D:5      | Noticed Duvessa
  4598 | D:6      | Reached skill level 5 in Stealth
  4792 | D:6      | Found a shadowy altar of Dithmenos.
  5324 | D:6      | Reached skill level 1 in Short Blades
  5324 | D:6      | Reached XP level 7. HP: 13/50 MP: 4/12
  6253 | D:6      | Reached skill level 7 in Necromancy
  6931 | D:7      | HP: 2/51 [water moccasin (6)]
  6931 | D:7      | Slain by a water moccasin

Action                   |  1- 3 |  4- 6 |  7- 9 || total
-------------------------+-------+-------+-------++-------
Melee: Unarmed           |     2 |       |       ||     2
       Rapier            |    11 |   126 |    33 ||   170
 Cast: Pain              |    73 |    50 |    25 ||   148
       Animate Skeleton  |     3 |       |       ||     3
       Regeneration      |       |     1 |       ||     1
       Animate Dead      |       |     3 |     2 ||     5
  Use: Potion            |     5 |     8 |     2 ||    15
       Scroll            |     6 |     5 |       ||    11
 Stab: Sleeping          |       |     1 |       ||     1
